AoeStats
← benoitmartin.v

Black Forest

504741749Analyzed
2v2 RM · 24d ago on Sep 6, 2026· 58m 46s· 4 players
Game mode
Random Map
Map size
Medium (4 player)
Population
200
Speed
Normal
Resources
Standard
Victory
Conquest
Starting age
Dark Age
Ending age
Imperial Age
RankedLock teamsTeams togetherTeam positionsShared explorationLock speedFull tech treeHidden civsTurbo modeCheats
Victory
Defeat
🇩🇪 Teutons · Germany
662
+14
🇮🇩 Burgundians · Indonesia
635
+15
🇮🇳 Goths · India
718
-18
🇫🇷 Celts · France
523
-11
Sg1Sga
0:28 Loom
14:45 Feudal Age
16:22 Man-at-Arms
22:43 Castle Age
21:25 Double-Bit Axe
23:36 Wheelbarrow
25:19 Hand Cart
26:08 Bow Saw
28:23 Horse Collar
34:18 Gold Mining
34:19 Stone Mining
36:09 Heavy Plow
37:44 Caravan
38:32 Stone Shaft Mining
41:42 Imperial Age
38:58 Town Watch
40:22 Fortified Wall
40:26 Scale Barding Armor
40:22 Padded Archer Armor
40:26 Scale Mail Armor
40:37 Forging
41:55 Chain Barding Armor
42:04 Elite Teutonic Knight
43:05 Conscription
42:13 Cavalier
43:12 Bloodlines
43:59 Crop Rotation
45:44 Paladin
47:13 Chain Mail Armor
47:50 Iron Casting
47:52 Plate Barding Armor
52:50 Chemistry
51:42 Guard Tower
52:12 Ballistics
52:19 Town Patrol
52:51 Plate Mail Armor
53:22 Blast Furnace
52:23 Padded Archer Armor
52:15 Fletching
Donald Trump
0:27 Loom
11:20 Feudal Age
11:52 Double-Bit Axe
12:42 Gold Mining
13:32 Bow Saw
13:07 Horse Collar
15:29 Heavy Plow
19:13 Wheelbarrow
21:03 Castle Age
20:38 Stone Mining
22:38 Husbandry
22:03 Cavalier
24:18 Gold Shaft Mining
28:30 Scale Barding Armor
40:22 Imperial Age
39:15 Hand Cart
41:01 Paladin
43:53 Chemistry
43:17 Ballistics
44:15 Chain Barding Armor
44:09 Forging
46:38 Plate Barding Armor
46:39 Iron Casting
46:09 Padded Archer Armor
neeravshankar5
1:18 Loom
13:38 Feudal Age
14:05 Horse Collar
20:23 Castle Age
19:27 Double-Bit Axe
20:05 Forging
19:57 Scale Mail Armor
19:39 Man-at-Arms
21:04 Long Swordsman
22:09 Pikeman
23:50 Squires
24:35 Heavy Plow
27:07 Bow Saw
27:50 Anarchy
29:39 Chain Mail Armor
31:53 Iron Casting
36:31 Imperial Age
36:33 Halberdier
38:16 Blast Furnace
37:44 Conscription
40:05 Two-Man Saw
39:41 Crop Rotation
40:51 Chemistry
40:37 Wheelbarrow
40:36 Perfusion
42:36 Hand Cart
benoitmartin.v
16:02 Feudal Age
16:33 Double-Bit Axe
16:31 Horse Collar
22:41 Castle Age
24:02 Heavy Plow
24:15 Bow Saw
25:38 Wheelbarrow
24:48 Town Watch
24:49 Loom
26:36 Hand Cart
31:41 Pikeman
32:07 Arson
34:17 Town Patrol
34:27 Caravan
35:12 Coinage
39:48 Imperial Age
36:51 Crossbowman
36:52 Elite Skirmisher
37:41 Scale Barding Armor
37:37 Scale Mail Armor
37:37 Padded Archer Armor
37:28 Fletching
37:48 Forging
38:11 Heated Shot
39:05 Chain Barding Armor
40:38 Leather Archer Armor
40:39 Chain Mail Armor
40:19 Bodkin Arrow
40:57 Conscription
39:59 Elite Woad Raider
42:05 Banking
42:14 Guilds
42:51 Hoardings
43:19 Stronghold
45:33 Halberdier
49:23 Chemistry
48:56 Plate Mail Armor
48:57 Ring Archer Armor
49:03 Iron Casting
48:40 Cavalier
49:21 Husbandry
Connection lost

Rejoining the realm…

Still unreachable

The connection could not be restored.

Session expired

The server has moved on; the page needs a fresh start.